 Seeded DCSS version 0.31-a0-523-g071a6c1ffa (webtiles) character file.

Game seed: 5046007172380960127 (custom seed)

1327 innerfire43 the Ruffian (level 8, -6/61 HPs)
             Began as a Gnoll Shapeshifter on Aug 11, 2023.
             Was an Elder of Cheibriados.
             Mangled by an ice beast (8 damage)
             ... on level 6 of the Dungeon.
             The game lasted 00:04:55 (5184 turns).

innerfire43 the Ruffian (Gnoll Shapeshifter)        Turns: 5184, Time: 00:04:55

Health: -6/61      AC:  5    Str: 25    XL:     8   Next: 60%
Magic:  31/31      EV: 31    Int: 16    God:    Cheibriados [****..]
Gold:   150        SH:  0    Dex: 23    Spells: 13/13 levels left

rFire   . .          .
                       - Unarmed
rCold   . . .        (shield currently unavailable)
rNeg    . . .        o - +2 robe {Will+}
rPois   .            (no helmet)
rElec   .            (no cloak)
rCorr   .            (no gloves)
SInv    .            A - +0 pair of boots
Will    +....        i - amulet of the acrobat
Stlth   +            k - ring of magical power
HPRegen 0.30/turn    l - ring of magical power
MPRegen 0.22/turn

%: acrobat
@: flux-form, acrobatic, attractive, glowing, very slow
A: glow, contaminating, fangs 1, strong nose, distributed training
a: Begin Untransformation, Renounce Religion, Bend Time, Temporal Distortion,
Slouch


You were on level 6 of the Dungeon.
You worshipped Cheibriados.
Cheibriados was greatly pleased with you.
You were something dangerously unstable.
You visited 1 branch of the dungeon, and saw 6 of its levels.

You collected 150 gold pieces.

Inventory:

Armour
 a - a +0 animal skin
 o - a +2 robe of willpower (worn)
 A - a +0 pair of boots (worn)
Jewellery
 i - an amulet of the acrobat (around neck)
 k - a ring of magical power (left hand)
 l - a ring of magical power (right hand)
 x - a ring of willpower
 y - a ring of poison resistance
Talismans
 c - a beast talisman
 d - a flux talisman (active)
Scrolls
 f - 2 scrolls of immolation {unknown}
 g - 2 scrolls of identify {unknown}
 j - a scroll of enchant weapon {unknown}
 p - a scroll of acquirement {unknown}
 r - 4 scrolls of teleportation {unknown}
 u - a scroll of silence {unknown}
 w - a scroll of amnesia {unknown}
 z - 2 scrolls of enchant armour {unknown}
 B - a scroll of summoning {unknown}
Potions
 b - a potion of lignification
 e - 3 potions of attraction
 m - 3 potions of heal wounds {unknown}
 n - a potion of enlightenment {unknown}
 q - a potion of magic
 s - 3 potions of might {unknown}
 t - 3 potions of haste {unknown}
 v - a potion of cancellation {unknown}
 C - a potion of brilliance {unknown}


   Skills:
 + Level 4.4 Fighting
 + Level 3.4 Short Blades
 + Level 3.4 Long Blades
 + Level 3.4 Axes
 + Level 3.4 Maces & Flails
 + Level 3.4 Polearms
 + Level 3.4 Staves
 + Level 3.4 Ranged Weapons
 + Level 3.4 Throwing
 + Level 3.4 Armour
 + Level 5.8 Dodging
 + Level 3.4 Stealth
 + Level 3.4 Shields
 + Level 7.5 Unarmed Combat
 + Level 3.4 Spellcasting
 + Level 2.8 Conjurations
 + Level 2.8 Hexes
 + Level 2.8 Summonings
 + Level 2.8 Necromancy
 + Level 2.8 Translocations
 + Level 2.8 Transmutations
 + Level 2.8 Fire Magic
 + Level 2.8 Ice Magic
 + Level 2.8 Air Magic
 + Level 2.8 Earth Magic
 + Level 2.8 Poison Magic
 + Level 3.8 Invocations
 + Level 3.4 Evocations
 + Level 7.2 Shapeshifting


You had 13 spell levels left.
You didn't know any spells.
Your spell library contained the following spells:

 Spells                   Type           Power      Damage    Failure   Level
 Summon Small Mammal      Summ           44%        N/A       5%          1
 Blink                    Tloc           22%        N/A       9%          2
 Poisonous Vapours        Pois/Air       22%        N/A       9%          2
 Call Canine Familiar     Summ           11%        N/A       17%         3
 Mephitic Cloud           Conj/Pois/Air  11%        N/A       17%         3
 Summon Guardian Golem    Hex/Summ       11%        N/A       17%         3
 Manifold Assault         Tloc           11%        N/A       50%         4
 Olgreb's Toxic Radiance  Pois           11%        N/A       50%         4
 Freezing Cloud           Conj/Ice/Air   5%         6-21      83%         5
 Dispersal                Tloc           5%         N/A       100%        6
 Discord                  Hex            5%         N/A       100%        8
 Disjunction              Tloc           5%         N/A       100%        8
 Ignition                 Fire           5%         3d4       100%        8


Dungeon Overview and Level Annotations

Branches:
Dungeon (6/15)             Temple (0/1) D:6

Altars:
Cheibriados
Okawaru
Trog

Shops:
D:2 =


Innate Abilities, Weirdness & Mutations

You are something dangerously unstable.
You glow with magical radiation, making you easy to see and hit.
Foes you strike become dangerously contaminated with magical radiation.
You are incapable of wielding weapons or throwing items.
You have very sharp teeth.
Your uncanny sense of smell can sniff out nearby items.
Your experience applies equally to all skills.


Message History

The ice beast barely misses you. The centaur closely misses you.
The centaur kicks you.
* * * LOW HITPOINT WARNING * * *
It was a potion of attraction.
You feel attractive to monsters.
The scorpion stings you but does no damage.
The centaur closely misses you. The centaur completely misses you.
The ice beast completely misses you.
You feel better. The centaur misses you. The centaur kicks you.
The scorpion misses you. The centaur hits you. The centaur barely misses you.
The ice beast hits you but does no damage.
The scorpion misses you.
You closely miss the scorpion. You bite the scorpion.
The scorpion is heavily wounded.
The centaur hits you.
* * * LOW HITPOINT WARNING * * *
The centaur barely misses you.
The ice beast hits you but does no damage.
The scorpion stings you but does no damage.
You hit the scorpion.
The scorpion begins to glow.
You bite the scorpion, but do no damage.
The scorpion is heavily wounded.
The centaur hits you but does no damage.
The centaur kicks you but does no damage.
The scorpion completely misses you.
The ice beast hits you but does no damage.
You hit the scorpion.
The scorpion glows dangerously bright.
The scorpion is almost dead.
The centaur hits you.
* * * LOW HITPOINT WARNING * * *
The centaur misses you. The centaur hits you.
* * * LOW HITPOINT WARNING * * *
The centaur kicks you but does no damage.
The scorpion barely misses you. The scorpion attacks as you move away!
The scorpion stings you.
* * * LOW HITPOINT WARNING * * *
The ice beast stops glowing.
The ice beast hits you.
* * * LOW HITPOINT WARNING * * *
The ice beast freezes you!
You die...

............# #..
............# #..
............# .....
...........)# ..###
.<.........$# ...#..
............# .. #.#
.......s...# #.#
......Yc..## .. #.#
.......B...########.##.#
..#####.##....##.##.##.#
#.#####.......##.# #.#
##..#...##.. #.#
##...#...##<. #.#
##..#.#.#..#.. #.#
#....###......
#.#...#...#...#..#
#....#.....#....


You could see an ice beast (misshapen), a centaur and a scorpion (heavy contam,
misshapen).

Vanquished Creatures
  Sigmund (D:2)
  A black bear (D:5)
  An ogre (D:4)
  A centaur (D:5)
  2 phantoms
  4 scorpions
  A howler monkey (D:5)
  A quasit (D:5)
  A hound (D:4)
  2 orc priests
  2 jellies
  2 sleepcaps
  2 iguanas
  Robin (D:4)
  6 adders
  2 shadow imps (D:5)
  A white imp (D:5)
  2 ufetubi (D:5)
  3 worms
  2 dart slugs
  11 orcs
  8 ball pythons
  5 bats
  7 endoplasms
  2 giant cockroaches
  19 goblins
  7 hobgoblins
  6 quokkas
  3 frilled lizards
  8 kobolds
  4 rats
118 creatures vanquished.

Vanquished Creatures (others)
  A wizard (D:5)
1 creature vanquished.

Grand Total: 119 creatures vanquished

Notes
Turn   | Place    | Note
-------+----------+-------------------------------------------
     0 | D:1      | innerfire43 the Gnoll Shapeshifter began the quest for the
                  | Orb.
     0 | D:1      | Reached XP level 1. HP: 17/17 MP: 1/1
   163 | D:1      | Reached XP level 2. HP: 23/23 MP: 2/2
   671 | D:1      | Reached XP level 3. HP: 28/28 MP: 3/3
   871 | D:2      | Found a faded altar of an unknown god.
   901 | D:2      | Prayed at the altar of an unknown god.
   901 | D:2      | Became a worshipper of Cheibriados the Contemplative
   901 | D:2      | Reached * piety under Cheibriados
   991 | D:2      | Noticed Sigmund
   996 | D:2      | Killed Sigmund
   997 | D:2      | Reached skill level 1 in Short Blades
   997 | D:2      | Reached skill level 1 in Long Blades
   997 | D:2      | Reached skill level 1 in Axes
   997 | D:2      | Reached skill level 1 in Maces & Flails
   997 | D:2      | Reached skill level 1 in Polearms
   997 | D:2      | Reached skill level 1 in Staves
   997 | D:2      | Reached skill level 1 in Ranged Weapons
   997 | D:2      | Reached skill level 1 in Throwing
   997 | D:2      | Reached skill level 1 in Armour
   997 | D:2      | Reached skill level 1 in Stealth
   997 | D:2      | Reached skill level 1 in Shields
   997 | D:2      | Reached skill level 1 in Spellcasting
   997 | D:2      | Reached skill level 1 in Conjurations
   997 | D:2      | Reached skill level 1 in Hexes
   997 | D:2      | Reached skill level 1 in Summonings
   997 | D:2      | Reached skill level 1 in Necromancy
   997 | D:2      | Reached skill level 1 in Translocations
   997 | D:2      | Reached skill level 1 in Transmutations
   997 | D:2      | Reached skill level 1 in Fire Magic
   997 | D:2      | Reached skill level 1 in Ice Magic
   997 | D:2      | Reached skill level 1 in Air Magic
   997 | D:2      | Reached skill level 1 in Earth Magic
   997 | D:2      | Reached skill level 1 in Poison Magic
   997 | D:2      | Reached skill level 1 in Invocations
   997 | D:2      | Reached skill level 1 in Evocations
   997 | D:2      | Reached XP level 4. HP: 23/35 MP: 4/6
   997 | D:2      | Reached XP level 5. HP: 27/41 MP: 4/7
  1197 | D:2      | Found Cyttoaka's Jewellery Emporium.
  1498 | D:2      | Reached XP level 6. HP: 38/47 MP: 8/8
  1548 | D:2      | Reached ** piety under Cheibriados
  1794 | D:3      | Found an iron altar of Okawaru.
  1994 | D:3      | Identified the +0 hand axe of Distraction {drain, +Blink
                  | Fly rN+}
  2589 | D:4      | Noticed Robin
  2590 | D:4      | Reached skill level 5 in Dodging
  2603 | D:4      | Killed Robin
  2880 | D:4      | Reached *** piety under Cheibriados
  3214 | D:4      | Reached XP level 7. HP: 45/52 MP: 10/10
  3979 | D:5      | Entered Level 5 of the Dungeon
  4107 | D:5      | Reached **** piety under Cheibriados
  4159 | D:5      | Reached XP level 8. HP: 53/60 MP: 12/12
  4251 | D:5      | Found a bloodstained altar of Trog.
  4252 | D:5      | Noticed a wizard
  4256 | D:5      | Killed a wizard
  5137 | D:6      | Found a staircase to the Ecumenical Temple.
  5184 | D:6      | HP: 2/61 [ice beast (3)]
  5184 | D:6      | Mangled by an ice beast

Illustrated notes

Levels and vault maps discovered:
D:1:      lightli_arrival_quake, layout_loops_cross, kennysheep_small_spiral
D:2:      layout_loops_ring, ebering_ecumenical_altar_webs, serial_shops, shop,
          uniq_sigmund
D:3:      layout_basic, nicolae_overflow_crystal_walls
D:4:      dreamdust_elfheim, layout_layer_cave, uniq_robin
D:5:      layout_basic, trog_wizard, serial_demonic, serial_demonic_b,
          serial_demonic_c, serial_demonic_b, serial_demonic_f
D:6:      layout_basic, nicolae_hepliaklqana_ecumenical_no_more,
          minmay_temple_entry_arrows, minmay_misc_feat_chi,
          pf_guarded_unrand_woodcutter, uniq_jeremiah, uniq_maggie,
          uniq_crazy_yiuf_cottage

Skill      XL: |  1  2  3  4  5  6  7 |
---------------+----------------------+-----
Fighting       | 3 4 |  4.4
Short Blades   | 1 2 3 |  3.4
Long Blades    | 1 2 3 |  3.4
Axes           | 1 2 3 |  3.4
Maces & Flails | 1 2 3 |  3.4
Polearms       | 1 2 3 |  3.4
Staves         | 1 2 3 |  3.4
Ranged Weapons | 1 2 3 |  3.4
Throwing       | 1 2 3 |  3.4
Armour         | 1 2 3 |  3.4
Stealth        | 1 2 3 |  3.4
Shields        | 1 2 3 |  3.4
Spellcasting   | 1 2 3 |  3.4
Conjurations   | 1 2 |  2.8
Hexes          | 1 2 |  2.8
Summonings     | 1 2 |  2.8
Necromancy     | 1 2 |  2.8
Translocations | 1 2 |  2.8
Transmutations | 1 2 |  2.8
Fire Magic     | 1 2 |  2.8
Ice Magic      | 1 2 |  2.8
Air Magic      | 1 2 |  2.8
Earth Magic    | 1 2 |  2.8
Poison Magic   | 1 2 |  2.8
Invocations    | 1 2 3 |  3.8
Evocations     | 1 2 3 |  3.4
Dodging        | 5 |  5.8
Unarmed Combat | 7 |  7.5
Shapeshifting  | 7 |  7.2

Action                     |  1- 3 |  4- 6 |  7- 9 || total
---------------------------+-------+-------+-------++-------
  Melee: Unarmed           |    65 |   141 |   158 ||   364
         Bite              |     8 |    16 |    27 ||    51
    Use: Potion            |       |       |     4 ||     4
   Stab: Sleeping          |       |     1 |     1 ||     2
 Armour: Animal skin       |     5 |       |       ||     5
         Robe              |       |    20 |    39 ||    59
  Dodge: Dodged            |    50 |   144 |   190 ||   384
   Form: Flux              |     1 |       |       ||     1

Table legend: (Time is in decaauts)
 A = Elapsed time spent in this place.
 B = Non-inter-level travel time spent in this place.
 C = Inter-level travel time spent in this place.
 D = Time resting spent in this place.
 E = Time spent auto-exploring this place.
 F = Levels seen in this place.
 G = Mean time per level.
                   A        B        C        D        E       F      G
               +--------+--------+--------+--------+--------+-----+--------+
         Total |   6789 |   6022 |    767 |      0 |   5156 |   6 | 1131.5 |
       Dungeon |   6789 |   6022 |    767 |      0 |   5156 |   6 | 1131.5 |
               +--------+--------+--------+--------+--------+-----+--------+

Top non-repeatable levels by time:
     D:4: 1956 daAuts
     D:5: 1598 daAuts
     D:3: 1155 daAuts
     D:2: 1067 daAuts
     D:1: 863 daAuts
     D:6: 149 daAuts
